Map: Galactic Process LE

Players

DIMAGA

  • Race: Zerg Zerg
  • League: Grandmaster
  • Spawn Location: 1:00

MythiC - Winner!

  • Race: Terran Terran
  • League: Grandmaster
  • Spawn Location: 7:00

VOD

Have the link to the VOD?

Description

Time

  • Played on: Sept. 12, 2016, 11:21 a.m.
  • Length: 11:19
Show
View Real Time Build Order
Export as new Build Order

DIMAGA Zerg 

Build Orders: Hatch First 

Get SALT Encoding   

  12  0:00  Drone  
  13  0:13  Overlord  
  13  0:17  Drone  
  14  0:31  Drone x2  
  14  0:35  Drone  
  17  0:52  Hatchery  
  17  0:55  Drone  
  17  0:58  Drone  
  18  1:09  Extractor  
  17  1:13  Spawning Pool  
  17  1:16  Drone  
  17  1:20  Drone  
  18  1:29  Drone  
  19  1:39  Overlord  
  19  2:00  Queen  
  19  2:01  Zergling x4  
  22  2:04  Queen  
  22  2:05  Zergling x2  
  26  2:08  Metabolic Boost  
  26  2:12  Drone  
  26  2:15  Drone  
  28  2:22  Drone  
  29  2:27  Drone  
  30  2:33  Overlord  
  30  2:35  Queen  
  32  2:40  Queen  
  34  2:45  Drone  
  34  2:46  Drone  
  34  2:50  Overlord  
  35  3:06  Drone  
  35  3:07  Drone x2  
  35  3:09  Drone  
  35  3:10  Drone x2  
  35  3:12  Drone  
  42  3:14  Drone x3  
  45  3:26  Overlord  
  45  3:35  Hatchery  
  45  3:39  Drone, Overlord  
  45  3:40  Drone x2  
  47  3:51  Drone  
  47  3:52  Drone x6, Extractor  
  53  3:55  Queen  
  53  3:59  Queen  
  57  4:10  Evolution Chamber  
  57  4:11  Evolution Chamber  
  55  4:18  Overlord x2  
  55  4:20  Drone  
  55  4:21  Drone  
  55  4:22  Zergling x10  
  62  4:25  Zergling x4  
  62  4:27  Zergling x2  
  65  4:36  Zerg Ground Armor Level 1  
  65  4:38  Zerg Melee Weapons Level 1  
  65  4:46  Zergling x8  
  65  4:50  Baneling Nest  
  68  4:54  Queen x2  
  68  4:55  Zergling x2  
  68  4:56  Zergling x2  
  74  5:02  Drone x2  
  76  5:13  Zergling x2  
  76  5:14  Zergling x8  
  80  5:16  Overlord x2  
  81  5:32  Overlord  
  81  5:36  Lair  
  81  5:39  Baneling  
  81  5:40  Baneling x2  
  81  5:41  Drone x12  
  81  5:42  Drone  
  94  5:53  Queen  
  94  5:56  Hatchery  
  95  5:57  Overlord  
  95  5:58  Overlord  
  95  6:09  Drone  
  96  6:11  Drone  
  96  6:14  Extractor x2  
  96  6:18  Hatchery  
  91  6:30  Drone x2  
  91  6:31  Drone x9  
  102  6:35  Centrifical Hooks  
  102  6:36  Zerg Ground Armor Level 2  
  102  6:45  Overseer  
  102  6:48  Drone x4  
  102  6:49  Drone x2  
  102  6:50  Drone  
  102  6:51  Drone  
  110  6:55  Overlord  
  110  7:01  Zergling x8  
  114  7:02  Zerg Melee Weapons Level 2  
  114  7:08  Queen x3  
  120  7:13  Queen  
  122  7:15  Zergling x2  
  122  7:16  Zergling x10  
  122  7:22  Spine Crawler, Spore Crawler  
  122  7:31  Zergling x18  
  122  7:34  Baneling x4  
  131  7:42  Zergling x4  
  130  7:57  Overlord  
  130  7:58  Overlord x2  
  126  8:18  Drone x3, Hatchery  
  128  8:21  Infestation Pit  
  128  8:25  Overlord x2  
  128  8:26  Hatchery  
  126  8:39  Baneling x4  
  126  8:40  Baneling x9  
  126  8:41  Overlord x2  
  126  8:45  Zergling x6  
  126  8:46  Zergling x34  
  145  8:49  Drone x2  
  145  8:52  Extractor  
  145  8:54  Zergling x2  
  146  9:01  Zergling x4  
  146  9:02  Zergling x4  
  150  9:04  Extractor, Baneling x13  
  150  9:05  Baneling  
  148  9:11  Baneling x7  
  148  9:13  Zergling x6  
  148  9:15  Zergling x2  
  147  9:18  Zergling x8  
  147  9:20  Zergling x2  
  147  9:23  Zergling x2  
  149  9:25  Zergling x8  
  135  9:33  Overlord, Overseer  
  135  9:34  Overseer  
  133  9:40  Drone x2  
  133  9:41  Drone x5  
  138  9:46  Pneumatized Carapace, Hive  
  134  9:56  Overlord  
  134  9:57  Zergling x2, Overlord x2  
  134  9:58  Zergling x8  
  137  10:04  Zergling x4  
  137  10:05  Zergling x2  
  137  10:13  Zergling x2, Baneling  
  137  10:14  Zergling x2  
  139  10:20  Zergling x2  
  123  10:27  Zergling x4  
  108  10:30  Zergling x10  
  108  10:31  Zergling x10  
  108  10:32  Zergling x2  
  97  10:38  Zergling x4  
  97  10:40  Zergling x2  
  97  10:41  Zergling x4  
  94  10:51  Zergling x2  
  94  10:52  Zergling x12  
  93  10:59  Zergling x6  
  93  11:00  Baneling  
  93  11:01  Baneling x9  
Show
View Real Time Build Order
Export as new Build Order

MythiC Terran - Winner!

Build Orders: Reaper Expand, MMM Bio 

Get SALT Encoding   

  12  0:00  SCV  
  13  0:13  SCV  
  14  0:17  Supply Depot  
  14  0:25  SCV  
  15  0:39  SCV  
  15  0:40  Barracks  
  16  0:45  Refinery  
  16  0:51  SCV  
  17  1:03  SCV  
  18  1:15  SCV  
  19  1:27  Orbital Command  
  19  1:29  Reaper  
  20  1:41  Command Center  
  20  1:54  Barracks  
  20  1:56  SCV  
  21  2:03  Barracks Reactor  
  21  2:09  SCV  
  21  2:10  Supply Depot  
  21  2:14  Refinery  
  22  2:21  SCV  
  23  2:35  SCV  
  24  2:37  Factory  
  24  2:42  Marine  
  24  2:43  Barracks Tech Lab, Marine  
  26  2:47  SCV  
  27  2:54  Orbital Command  
  27  2:59  SCV  
  27  3:05  Marine x3  
  30  3:09  Stimpack  
  30  3:11  SCV  
  32  3:21  SCV  
  32  3:22  Marine  
  32  3:26  Factory Reactor  
  32  3:27  Starport  
  35  3:30  SCV, Marine  
  35  3:33  SCV  
  37  3:42  SCV  
  37  3:43  Marine x2  
  37  3:44  Supply Depot  
  37  3:45  SCV  
  41  3:48  Marine  
  41  3:54  SCV  
  43  3:57  SCV  
  43  3:59  Supply Depot  
  43  4:02  Marine x2  
  46  4:06  SCV  
  46  4:09  SCV  
  48  4:10  Marine  
  49  4:18  SCV  
  49  4:19  Supply Depot  
  49  4:20  Marine  
  49  4:21  Medivac, Supply Depot  
  49  4:22  SCV, Medivac  
  49  4:23  Marine  
  57  4:31  SCV  
  58  4:35  SCV, Marine  
  58  4:37  Marine, Factory Tech Lab  
  61  4:43  SCV  
  61  4:45  Marine  
  63  4:48  SCV  
  64  4:53  Command Center  
  64  4:54  Marine  
  64  4:55  SCV, Marine  
  64  4:57  Viking  
  64  4:58  Supply Depot  
  69  5:00  SCV  
  69  5:05  Marine  
  71  5:07  SCV  
  71  5:08  Factory Tech Lab  
  71  5:09  Factory Reactor  
  71  5:12  Marine  
  71  5:14  SCV, Barracks  
  74  5:19  SCV, Engineering Bay x2  
  75  5:24  Marine x2, Supply Depot  
  75  5:26  SCV  
  75  5:28  Refinery  
  78  5:34  Marine  
  78  5:35  Combat Shields  
  79  5:41  Medivac x2  
  79  5:42  Marine  
  84  5:43  SCV x2  
  86  5:53  Marine  
  86  5:54  Marine  
  86  5:55  Refinery  
  88  5:57  Terran Infantry Weapons Level 1  
  88  6:02  Marine  
  89  6:05  SCV, Terran Infantry Armor Level 1  
  89  6:06  SCV  
  89  6:09  Marine x2  
  94  6:11  Marine  
  94  6:12  Orbital Command  
  94  6:16  Supply Depot  
  94  6:17  Supply Depot  
  94  6:18  SCV, Marine  
  96  6:20  Marine  
  95  6:28  Marine x2, Factory Reactor  
  95  6:30  Barracks  
  95  6:31  Barracks  
  97  6:36  Marine  
  97  6:37  Marine  
  97  6:38  Medivac  
  97  6:39  SCV  
  102  6:40  SCV x2  
  102  6:43  Marine  
  102  6:46  Marine  
  106  6:47  Marine  
  106  6:51  SCV  
  106  6:52  SCV x2  
  110  6:54  Marine x2  
  110  6:55  Medivac  
  114  7:03  SCV, Marine  
  114  7:04  Marine  
  114  7:05  Widow Mine x2, Marine, Armory  
  122  7:11  Supply Depot  
  122  7:12  SCV, Marine, Supply Depot  
  122  7:13  Marine  
  125  7:31  Barracks Reactor x2  
  125  7:32  Medivac, Marine x5  
  125  7:34  Supply Depot  
  125  7:36  Supply Depot  
  132  7:43  Widow Mine x2  
  136  7:49  Medivac  
  136  7:50  Marine x5  
  124  8:06  Marine x3  
  124  8:07  Marine  
  124  8:08  Marine x4  
  124  8:09  SCV x3  
  124  8:12  Starport  
  135  8:13  Barracks  
  135  8:14  Marine, Refinery  
  135  8:15  Widow Mine x2  
  135  8:16  Medivac  
  135  8:19  Medivac  
  144  8:21  SCV x2  
  144  8:24  Marine x3, Supply Depot  
  144  8:25  Marine  
  144  8:26  Marine x3, Supply Depot  
  152  8:27  Marine  
  152  8:29  Supply Depot  
  152  8:30  Terran Infantry Weapons Level 2  
  153  8:36  Terran Infantry Armor Level 2  
  153  8:40  Reaper  
  154  8:42  Marine x3  
  154  8:45  Marine  
  154  8:46  Liberator x2, Marauder  
  154  8:48  Refinery  
  160  9:01  Marine x3  
  160  9:02  Widow Mine x2  
  161  9:04  Barracks Tech Lab, Marine x4  
  161  9:07  Marauder  
  176  9:11  Marine  
  176  9:23  Marine, Marauder  
  173  9:27  Marine  
  173  9:28  Liberator x2, Marauder  
  173  9:30  Marine x4  
  173  9:31  Marine x2  
  152  9:38  Widow Mine x2  
  152  9:40  Marine  
  152  9:45  Marine, Marauder  
  160  9:48  Marine x4  
  160  9:49  Marine  
  171  9:54  Marine  
  171  9:55  Marauder  
  171  9:58  Marine  
  175  10:00  Command Center  
  175  10:03  Marine  
  175  10:06  Marine x4, Marauder  
  175  10:10  Marine  
  175  10:12  Marine  
  177  10:16  Marine, Marauder  
  177  10:21  Marine  
  169  10:23  Marine  
  169  10:24  Marine x3  
  169  10:27  Marauder  
  150  10:30  Marine x2  
  150  10:32  Widow Mine x2  
  150  10:34  Marine  
  153  10:37  Marauder  
  153  10:38  Marine  
  153  10:41  Marine x2  
  164  10:46  Marine x2  
  164  10:47  Marine  
  164  10:49  Marauder  
  167  10:56  Marine x3  
  169  11:00  Marine x2  
Tags
 
Add a new tag
Caveats
  • Supply blocks, unpowered buildings, or Contaminate may cause inaccurate times.
  • Supply counts are checked every 10 seconds.